 Dungeon Crawl Stone Soup version 0.27.1-3-gb3d3a73c9e (webtiles) character file.

Game seed: 14623158606937595437

1548 Descartes the Sneak (level 8, -8/37 HPs)
             Began as a Spriggan Arcane Marksman on Oct 18, 2021.
             Was an Initiate of Gozag.
             Mangled by an ice beast (13 damage)
             ... on level 7 of the Dungeon.
             The game lasted 00:24:02 (12675 turns).

Descartes the Sneak (Spriggan Arcane Marksman)     Turns: 12675, Time: 00:24:02

Health: -8/37      AC:  2    Str:  8    XL:     8   Next: 57%
Magic:  0/13       EV: 21    Int: 14    God:    Gozag
Gold:   123        SH:  0    Dex: 16    Spells: 9/13 levels left

rFire    . . .     SeeInvis +   b - +0 short sword (venom)
rCold    . . .     Faith    .   (shield restricted)
rNeg     . . .     Spirit   +   O - +0 robe {Will+}
rPois    .         Reflect  .   (helmet restricted)
rElec    .         Harm     .   (no cloak)
rCorr    .         Rampage  .   (gloves unavailable)
Will     ++...                  (boots unavailable)
Stlth    ++++......             q - amulet of guardian spirit
HPRegen  0.12/turn              (no ring)
MPRegen  0.13/turn              (no ring)

@: very quick
A: very small, no large weapons, unfitting armour, see invisible, speed 3
a: Renounce Religion, Potion Petition, Call Merchant, Bribe Branch


You were on level 7 of the Dungeon.
You worshipped Gozag.
Gozag was aware of your devotion.
You visited 2 branches of the dungeon, and saw 8 of its levels.

You collected 524 gold pieces.
You spent 337 gold pieces at shops.
You paid 64 gold pieces to Gozag.

Inventory:

Hand Weapons
 a - a +0 hunting sling
 b - a +0 short sword of venom (weapon)
 w - a +0 dagger of venom
 N - a +2 dagger of freezing
 P - a +0 rapier
Missiles
 c - 37 sling bullets
 h - 140 stones (quivered)
 k - 69 arrows
 x - 16 poisoned darts
 R - 4 boomerangs
Armour
 M - a +0 buckler
 O - a +0 robe of willpower (worn)
Jewellery
 j - an amulet of faith
 q - an amulet of guardian spirit (around neck)
 Q - a ring of magical power
Wands
 E - a wand of flame (50)
Scrolls
 d - a scroll of fog {unknown}
 e - 2 scrolls of enchant armour {unknown}
 f - a scroll of immolation {unknown}
 g - a scroll of silence {unknown}
 m - 2 scrolls of brand weapon {unknown}
 n - a scroll of torment {unknown}
 o - 4 scrolls of identify {unknown}
 s - 3 scrolls of teleportation {unknown}
 t - 5 scrolls of enchant weapon {unknown}
 u - a scroll of vulnerability {unknown}
 v - 2 scrolls of acquirement {unknown}
 y - 2 scrolls of fear {unknown}
 C - a scroll of magic mapping {unknown}
 G - 2 scrolls of noise
 K - a scroll of amnesia {unknown}
Potions
 i - a potion of attraction
 l - a potion of might {unknown}
 p - a potion of flight
 r - a potion of cancellation {unknown}
 z - a potion of ambrosia {unknown}
 A - 2 potions of berserk rage {unknown}
 B - 3 potions of curing
 D - a potion of haste {unknown}
 F - 2 potions of lignification {unknown}
 H - a potion of degeneration {unknown}
 I - a potion of brilliance {unknown}
 J - 2 potions of heal wounds {unknown}
 L - a potion of mutation {unknown}


   Skills:
 - Level 0.7 Fighting
 + Level 4.7 Short Blades
 - Level 5.0 Slings
 + Level 7.0 Dodging
 + Level 7.7 Stealth
 - Level 3.0 Spellcasting
 + Level 7.1 Hexes


You had 9 spell levels left.
You knew the following spells:

 Your Spells              Type           Power      Damage    Failure   Level
a - Corona                Hex            23%        N/A       1%          1
b - Confusing Touch       Hex            21%        N/A       3%          3

Your spell library contained the following spells:

 Spells                   Type           Power      Damage    Failure   Level
 Slow                     Hex            21%        N/A       1%          2
 Cause Fear               Hex            10%        N/A       12%         4
 Inner Flame              Hex/Fire       12%        N/A       16%         3
 Portal Projectile        Hex/Tloc       24%        N/A       16%         3
 Animate Skeleton         Necr           4%         N/A       22%         1
 Apportation              Tloc           4%         N/A       22%         1
 Pain                     Necr           8%         1d4       22%         1
 Summon Small Mammal      Summ           8%         N/A       22%         1
 Conjure Flame            Conj/Fire      2%         6-21      54%         3
 Gell's Gravitas          Tloc           1%         N/A       54%         3
 Ignite Poison            Fire/Tmut/Pois 2%         N/A       54%         3
 Lesser Beckoning         Tloc           1%         N/A       54%         3
 Teleport Other           Tloc           2%         N/A       54%         3
 Vampiric Draining        Necr           1%         2d6       54%         3
 Yara's Violent Unravell  Hex/Tmut       6%         3d5       80%         5
 Sticky Flame             Conj/Fire      2%         2d3       91%         4


Dungeon Overview and Level Annotations

Branches:
Dungeon (7/15)             Temple (1/1) D:5

Altars:
Ashenzari
Cheibriados
Dithmenos
Elyvilon
Fedhas
Gozag
Hepliaklqana
Kikubaaqudgha
Makhleb
Nemelex Xobeh
Okawaru
Ru
Sif Muna
Trog
Uskayaw
Vehumet
Wu Jian
Xom
Yredelemnul
Zin
The Shining One

Shops:
D:2 *   D:3 ?*(?*   D:5 *   D:6 (:=[


Innate Abilities, Weirdness & Mutations

You are very small and have problems with some larger weapons.
You are too small for most types of armour.
You have supernaturally acute eyesight. (SInv)
You cover ground extremely quickly. (Speed+++)


Message History

You closely miss the orc priest. You closely miss the orc priest.
The orc priest mumbles some strange prayers to Beogh against you.
You resist with almost no effort.
You hit the orc priest.
The orc priest is poisoned.
The orc priest is moderately wounded.
The orc priest hits you with a +0 flail!
You closely miss the orc priest.
The orc priest is heavily wounded.
The orc priest calls upon Beogh to heal the orc priest.
The orc priest is healed somewhat.
The orc priest barely misses you. The orc completely misses you.
You barely miss the orc priest.
The orc priest is moderately wounded.
The ice beast hits you. The ice beast freezes you.
The orc priest mumbles some strange prayers to Beogh against you.
Beogh smites you! The orc misses you.
You barely miss the orc priest.
The orc priest is moderately wounded.
The orc priest calls upon Beogh to heal the orc priest.
The orc priest is healed somewhat.
The ice beast closely misses you. The orc priest closely misses you.
The orc closely misses you.
You hit the orc priest but do no damage.
The orc priest looks as sick as possible!
The orc priest is lightly wounded.
The orc priest barely misses you.
The orc priest calls down the wrath of Beogh upon you.
Beogh smites you!
* * * LOW HITPOINT WARNING * * *
The ice beast closely misses you.
The orc priest calls upon Beogh to heal the orc priest.
The orc priest's wounds heal themselves!
You are too injured to fight recklessly!
The orc barely misses you.
Okay, then.
The ice beast hits you.
* * * LOW HITPOINT WARNING * * *
The ice beast freezes you!
You die...
Your body crumbles into a pile of gold.

#.## #..?
###.#. ...(o ##
o... .######
#.#.#o...... #
####.#oo####...
#
......Y........
#
######.@#####.#
# #...# #
#.##.# # .(#
#.# # ### #.# #
#.# # #.# # #.#
# ##.####### #


You could see an ice beast, 3 orc priests and an orc.

Vanquished Creatures
  Eustachio (D:5)
  Edmund (D:5)
  A hornet zombie (D:6)
  3 necrophages
  A kobold brigand (D:5)
  A phantom (D:5)
  3 howler monkeys
  3 hounds
  An orc priest (D:3)
  A jelly (D:3)
  A bullfrog skeleton (D:6)
  2 centaur skeletons
  5 iguanas
  A scorpion zombie (D:5)
  3 hound skeletons (D:3)
  Robin (D:3)
  7 gnolls
  4 adders
  A white imp (D:5)
  2 adder skeletons (D:3)
  An adder zombie (D:3)
  2 worms (D:2)
  2 dart slugs
  10 orcs
  2 bats (D:1)
  15 endoplasms
  A giant cockroach (D:2)
  16 goblins
  12 hobgoblins
  15 kobolds
  3 quokkas
  6 ball pythons
  A ball python skeleton (D:3)
  2 ball python zombies (D:3)
  2 frilled lizards
  A quokka zombie (D:3)
  5 rats
139 creatures vanquished.

Vanquished Creatures (others)
  11 fungi (D:3)
  3 plants (D:5)
  6 toadstools (D:3)
  18 withered plants (D:3)
38 creatures vanquished.

Grand Total: 177 creatures vanquished

Notes
Turn   | Place    | Note
-------+----------+-------------------------------------------
     0 | D:1      | Descartes the Spriggan Arcane Marksman began the quest for
                  | the Orb.
     0 | D:1      | Reached XP level 1. HP: 9/9 MP: 3/3
   140 | D:1      | Reached skill level 1 in Stealth
   140 | D:1      | Reached XP level 2. HP: 14/14 MP: 5/5
   244 | D:1      | Found a faded altar of an unknown god.
   715 | D:2      | Found Fuaqisut's Assorted Antiques.
   774 | D:2      | Bought a scroll labelled ABEZYA GUEVU for 25 gold pieces
   889 | D:2      | Reached XP level 3. HP: 17/17 MP: 7/7
  1751 | D:2      | You fall into a shaft and drop 2 floors!
  1890 | D:3      | Found Yneigud's Assorted Antiques.
  1925 | D:3      | Found Zyn Gac's Assorted Antiques.
  1936 | D:3      | Noticed Robin
  1971 | D:3      | Found Ytieggof's Magic Scroll Emporium.
  2080 | D:2      | Reached XP level 4. HP: 21/21 MP: 8/8
  2397 | D:2      | Learned a level 3 spell: Confusing Touch
  2670 | D:3      | Found Nakeughy's Weapon Shop.
  2821 | D:3      | Found Tecvir's Magic Scroll Emporium.
  3024 | D:3      | Killed Robin
  3025 | D:3      | Reached XP level 5. HP: 13/25 MP: 3/10
  4313 | D:3      | Reached skill level 1 in Short Blades
  5533 | D:4      | Reached XP level 6. HP: 29/29 MP: 11/11
  5719 | D:5      | Entered Level 5 of the Dungeon
  5762 | D:5      | Found a staircase to the Ecumenical Temple.
  5774 | Temple   | Entered the Ecumenical Temple
  5898 | Temple   | Became a worshipper of Gozag Ym Sagoz the Greedy
  6008 | D:3      | Bought a scroll of noise for 13 gold pieces
  6057 | D:3      | Bought a smoky yellow potion for 18 gold pieces
  6057 | D:3      | Bought a green potion for 18 gold pieces
  6057 | D:3      | Bought a smoky yellow potion for 18 gold pieces
  6057 | D:3      | Bought a murky white potion for 18 gold pieces
  6103 | D:4      | Reached skill level 5 in Hexes
  7615 | D:5      | Reached skill level 5 in Dodging
  7615 | D:5      | Reached skill level 5 in Stealth
  7615 | D:5      | Reached XP level 7. HP: 29/32 MP: 10/12
  7874 | D:3      | Bought a scroll labelled HEDDINOXKE for 21 gold pieces
  7874 | D:3      | Bought a scroll labelled GAVVEI JADAXER for 21 gold pieces
  7874 | D:3      | Bought a scroll labelled LIOZAO CIKURIR for 21 gold pieces
  8108 | D:5      | Identified the +1 pair of boots "Otaeq" {-Tele Fly Regen+
                  | rCorr}
  8375 | D:5      | Found Diwoec's Gadget Gallery.
  8474 | D:5      | Reached skill level 5 in Slings
  8820 | D:3      | Bought a sapphire potion for 21 gold pieces
  8820 | D:3      | Bought a fizzy brown potion for 21 gold pieces
  9410 | D:6      | Found Saloruwn's Antique Weapon Emporium.
  9421 | D:6      | Found Gomeypsy's Book Boutique.
  9499 | D:3      | Bought a scroll labelled XIGUUSM KONWI for 21 gold pieces
  9514 | D:3      | Bought a scroll labelled ARUWKA YCUSIK for 24 gold pieces
  9529 | D:3      | Bought a glowing robe for 77 gold pieces
  9578 | D:6      | Found Qeteoch's Armour Emporium.
  9615 | D:6      | Reached XP level 8. HP: 22/37 MP: 9/13
  9914 | D:6      | Noticed Edmund
  9984 | D:5      | Killed Edmund
 10546 | D:6      | Noticed Eustachio
 10627 | D:5      | Killed Eustachio
 12338 | D:6      | Found Mual's Jewellery Boutique.
 12389 | D:6      | Identified the +9 lajatang of Unidoc {drain, Dex+2 Stlth+}
 12675 | D:7      | Mangled by an ice beast

Illustrated notes

Levels and vault maps discovered:
D:1:      wander_arrival_peaceful_grave, layout_rooms,
          shapermc_ecumenical_altar_hornbeckon, patterned_corridor
D:2:      layout_basic, serial_shops, shop, guppyfry_early_orc_mine
D:3:      cheibrodos_fertilizer, layout_basic, serial_shops, shop,
          nicolae_shop_stone, shop, nicolae_square_shop, shop, serial_undead,
          serial_undead_d, serial_undead_a, serial_undead_b, serial_undead_b,
          serial_undead_b, serial_undead_e, serial_undead_f, serial_undead_b,
          serial_undead_b, serial_undead_d, uniq_robin
D:4:      layout_rooms
D:5:      layout_loops_corners, minmay_temple_entry_gardened_gates,
          nicolae_shop_gadgets
D:6:      layout_basic, serial_shops, nicolae_shop_window_shopping, shop_statue,
          nicolae_shop_stone, shop, uniq_eustachio, uniq_edmund
D:7:      lemuel_ice_statue, layout_loops_ring
Temple:   compressed_dpeg_circular_temple

Skill      XL: |  1  2  3  4  5  6  7  8 |
---------------+-------------------------+-----
Stealth        | 1 2 3 4 5 6 7 |  7.7
Dodging        | 3 4 5 6 7 |  7.0
Spellcasting   | 2 3 |  3.0
Hexes          | 4 5 6 7 |  7.1
Slings         | 3 4 5 |  5.0
Short Blades   | 1 2 3 4 |  4.7
Fighting       | |  0.7

Action                   |  1- 3 |  4- 6 |  7- 9 || total
-------------------------+-------+-------+-------++-------
Melee: Short sword       |       |   188 |   316 ||   504
       Dagger            |       |    45 |       ||    45
 Fire: Hunting sling     |   169 |   177 |    50 ||   396
 Cast: Confusing Touch   |       |       |     1 ||     1
  Use: Potion            |       |       |     3 ||     3
 Stab: Distracted        |       |     1 |       ||     1
       Sleeping          |       |       |     3 ||     3
       Confused          |       |       |     1 ||     1
Armor: Robe              |     5 |    26 |    23 ||    54
Dodge: Dodged            |    50 |   260 |   312 ||   622
